 Dungeon Crawl Stone Soup version 0.26-a0-1012-gedcf9b2963 (webtiles) character file.

Game seed: 8507840003590573946

36 Baldric the Slasher (level 3, 0/29 HPs)
             Began as a Human Berserker on Dec 7, 2020.
             Was a Follower of Trog.
             Slain by a kobold (2 damage)
             ... on level 1 of the Dungeon.
             The game lasted 00:05:36 (440 turns).

Baldric the Slasher (Human Berserker)                Turns: 440, Time: 00:05:37

Health: 0/29       AC: 12    Str: 17    XL:     3   Next: 57%
Magic:  3/3        EV:  5    Int:  6    God:    Trog [*.....]
Gold:   50         SH:  0    Dex: 12    Spells: 2/2 levels left

rFire    . . .     SeeInvis .   m - +1 mace (protect)
rCold    . . .     Faith    .   (no shield)
rNeg     . . .     Spirit   .   j - +0 plate armour
rPois    .         Reflect  .   (no helmet)
rElec    +         Harm     .   (no cloak)
rCorr    .         Rampage  .   (no gloves)
Will     .....     Rnd*Rage +   (no boots)
Stlth    ..........             (no amulet)
HPRegen  0.09/turn              (no ring)
MPRegen  0.08/turn              (no ring)

@: no status effects
A: berserk 1, dopey 1, shaggy fur 1, electricity resistance
a: Berserk, Renounce Religion


You were on level 1 of the Dungeon.
You worshipped Trog.
Trog was aware of your devotion.
You visited 1 branch of the dungeon, and saw 2 of its levels.

You collected 50 gold pieces.

Inventory:

Hand Weapons
 a - a +0 falchion
 m - a +1 mace of protection (weapon)
Armour
 b - a +0 animal skin
 g - a +0 ring mail
 h - a +0 scale mail
 j - a +0 plate armour (worn)
Scrolls
 c - a scroll of remove curse
 n - a scroll of magic mapping {unknown}
Potions
 e - a potion of berserk rage {unknown}
 f - a potion of resistance {unknown}
 i - a potion of heal wounds {unknown}
 k - a potion of haste {unknown}


   Skills:
 + Level 3.5 Fighting
 + Level 3.6 Long Blades
 + Level 2.2 Armour
 + Level 2.2 Dodging


You had 2 spell levels left.
You didn't know any spells.
Your spell library was empty.

Dungeon Overview and Level Annotations

Branches:
Dungeon (2/15)

Altars:


Innate Abilities, Weirdness & Mutations

You tend to lose your temper in combat.
You are dopey. (Int -2)
You are covered in fur. (AC +1)
You are resistant to electric shocks. (rElec)


Message History

The hobgoblin hits you but does no damage.
As you read the scroll labelled POCICOHOAJ, it crumbles to dust.
You feel blessed for a moment.
It was a scroll of remove curse.
The kobold hits you but does no damage. The adder completely misses you.
The kobold hits you.
* * * LOW HITPOINT WARNING * * *
The hobgoblin barely misses you. The bat barely misses you.
You riposte.
You hit the bat but do no damage.
As you read the scroll labelled JUSYAG QIRECU, it crumbles to dust.
It is a scroll of identify.
m - a +1 mace of protection The bat hits you but does no damage. x2
The adder bites you but does no damage.
The kobold hits you but does no damage. x2
The hobgoblin hits you but does no damage.
The adder barely misses you.
Your +1 mace of protection hums with potential!
m - a +1 mace of protection (weapon)
The bat hits you but does no damage. The kobold closely misses you.
The kobold hits you.
You die...

#........# ###.....
#.#........#########.....
#..............†...'.....
########.#.#########.....
#....# #..... ##+####
###### #####...?#
#......S.# #.....g@K#
#......bK# #........#
#........# #.......)#
#....##### #####


You could see an adder, a hobgoblin, a bat and 2 kobolds.

Vanquished Creatures
  A gnoll (D:1)
  An ooze (D:1)
  A leopard gecko (D:1)
  3 bats (D:1)
  A giant cockroach (D:1)
  3 goblins (D:1)
  4 hobgoblins (D:1)
  A ball python (D:1)
  6 kobolds (D:1)
  A rat (D:1)
22 creatures vanquished.

Notes
Turn   | Place    | Note
-------+----------+-------------------------------------------
     0 | D:1      | Baldric the Human Berserker began the quest for the Orb.
     0 | D:1      | Reached XP level 1. HP: 18/18 MP: 1/1
    72 | D:1      | Reached XP level 2. HP: 11/24 MP: 2/2
   193 | D:1      | Reached XP level 3. HP: 25/29 MP: 3/3
   416 | D:1      | You fall into a shaft and drop 1 floor!
   437 | D:1      | Gained mutation: You tend to lose your temper in combat.
                  | [potion of mutation]
   437 | D:1      | Gained mutation: You are dopey. (Int -2) [potion of
                  | mutation]
   437 | D:1      | Gained mutation: You are covered in fur. (AC +1) [potion of
                  | mutation]
   437 | D:1      | Gained mutation: You are resistant to electric shocks.
                  | (rElec) [potion of mutation]
   440 | D:1      | Slain by a kobold

Illustrated notes

Levels and vault maps discovered:
D:1:      wander_arrival_peaceful_grave, layout_basic
D:2:      layout_basic, minmay_misc_feat_five

Action                   || total
-------------------------++-------
Melee: Falchion          ||    90
  Use: Scroll            ||     2
       Potion            ||     1
Armor: Animal skin       ||     5
       Plate armour      ||   148
       Ring mail         ||     2
Dodge: Dodged            ||    65
       Rpst.: Falchion   ||    26

Table legend: (Time is in decaauts)
 A = Elapsed time spent in this place.
 B = Non-inter-level travel time spent in this place.
 C = Inter-level travel time spent in this place.
 D = Time resting spent in this place.
 E = Time spent auto-exploring this place.
 F = Levels seen in this place.
 G = Mean time per level.
                   A        B        C        D        E       F      G
               +--------+--------+--------+--------+--------+-----+--------+
         Total |    451 |    420 |     31 |      0 |      0 |   2 |  225.5 |
       Dungeon |    451 |    420 |     31 |      0 |      0 |   2 |  225.5 |
               +--------+--------+--------+--------+--------+-----+--------+

Top non-repeatable levels by time:
     D:1: 438 daAuts
     D:2: 12 daAuts
